 Dungeon Crawl Stone Soup version 0.30.0 (webtiles) character file.

Game seed: 12780534359153993970

287 Exaltedone87 the Covered (level 6, 0/54 HPs)
             Began as an Armataur Fighter on May 6, 2023.
             Slain by Blork the orc
             ... wielding a +0 trident
              (6 damage)
             ... on level 4 of the Dungeon.
             The game lasted 00:04:16 (3114 turns).

Exaltedone87 the Covered (Armataur Fighter)         Turns: 3114, Time: 00:04:17

Health: 0/54       AC:  7    Str: 21    XL:     6   Next: 8%
Magic:  6/6        EV:  7    Int:  8    God:
Gold:   167        SH:  5    Dex: 12    Spells: 5/5 levels left

rFire   + . .        a - +1 flail (flame)
rCold   + . .        c - +0 buckler
rNeg    . . .        b - +0 scale mail
rPois   .            (no helmet)
rElec   .            (no cloak)
rCorr   .            (no gloves)
SInv    .            (no barding)
Will    .....        q - amulet of regeneration Stlth
                     g - ring of protection from fire
HPRegen 1.09/turn    l - ring of protection from cold
MPRegen 0.10/turn

%: roll
@: mighty
A: large, rugged brown scales 3, deformed body, armoured tail, roll, long
tongue, awkward tongue
a: no special abilities


You were on level 4 of the Dungeon.
You visited 1 branch of the dungeon, and saw 4 of its levels.

You collected 167 gold pieces.

Inventory:

Hand Weapons
 a - a +1 flail of flaming (weapon)
Armour
 b - a +0 scale mail (worn)
 c - a +0 buckler (worn)
Jewellery
 e - an amulet of faith
 g - a ring of protection from fire (left hand)
 l - a ring of protection from cold (right hand)
 q - an amulet of regeneration (around neck)
 s - an amulet of magic regeneration
Scrolls
 f - 2 scrolls of brand weapon
 r - a scroll of vulnerability {unknown}
 t - a scroll of identify {unknown}
 u - a scroll of teleportation
Potions
 d - a potion of might
 h - 2 potions of heal wounds {unknown}
 i - 2 potions of berserk rage {unknown}
 j - 2 potions of mutation {unknown}
 k - 2 potions of brilliance {unknown}
 m - 2 potions of invisibility {unknown}
 n - a potion of attraction {unknown}
 o - 2 potions of magic {unknown}
 p - 2 potions of degeneration {unknown}


   Skills:
 + Level 3.5 Fighting
 * Level 4.0 Maces & Flails
 + Level 4.9 Armour
 + Level 4.4 Shields


You had 5 spell levels left.
You didn't know any spells.
Your spell library contained the following spells:

 Spells                   Type           Power      Damage    Failure   Level
 Cigotuvi's Dreadful Rot  Necr/Pois/Air  0%         N/A       91%         2
 Dispel Undead            Necr           0%         3d6       100%        4
 Death Channel            Necr           0%         N/A       100%        6


Dungeon Overview and Level Annotations

Branches:
Dungeon (4/15)
 Temple: D:4-7

Altars:
Ashenzari
Ru
Xom

Shops:
D:2 [

Annotations:
D:4 Blork the orc


Innate Abilities, Weirdness & Mutations

You are completely covered in rugged brown scales. (AC +3, +7% HP)
Armour fits poorly on your strangely shaped body.
You have a long armoured tail.
You roll when moving toward enemies. (Rampage)
Your long tongue fully drains potion bottles. (2x potion effects)
Your tongue gives you trouble enunciating. (1.5x scroll delay)


Message History

The hound bites you but does no damage. Blork the orc closely misses you.
The hound bites you.
Unknown command.
You hit the hound. You burn the hound.
You kill the hound!
Blork the orc gestures at you while chanting.
The puff of frost misses you.
A kobold comes into view.
It is wielding a +0 short sword and quivering poisoned darts.
Blork the orc hits you from afar with a +0 trident!
The adder bites you.
You have reached level 6!
Sorry, you're not good enough to have a special ability.
Sorry, you're not good enough to have a special ability.
You feel very mighty all of a sudden.
You slurp down every last drop of the potion of might!
Blork the orc hits you from afar with a +0 trident.
* * * LOW HITPOINT WARNING * * *
You block the adder's attack. Blork the orc closely misses you.
You thump the adder! You burn the adder.
You kill the adder!
Blork the orc hits you from afar with a +0 trident!
* * * LOW HITPOINT WARNING * * *
Unknown command.
You sock the orc! You burn the orc.
You kill the orc!
Blork the orc hits you from afar with a +0 trident.
* * * LOW HITPOINT WARNING * * *
Blork the orc hits you but does no damage.
Your Maces & Flails skill increases to level 4!
You bludgeon the orc!! You burn the orc.
You kill the orc!
You block Blork the orc's attack.
Blork the orc hits you from afar with a +0 trident.
* * * LOW HITPOINT WARNING * * *
Unknown command.
You roll towards Blork the orc!
You barely miss Blork the orc.
Your tail-slap misses Blork the orc.
Blork the orc barely misses you. You block the kobold's attack.
Blork the orc hits you with a +0 trident.
You die...

...#.....# #.#
####.###.# ###
#.# ###..# #.#
..#####.# )...##
#.. .......†##
#>.........
.##.#....###
#########.##
#...#.....# # ..
#.........# #.#
#....###..#
#⌠.##@##.⌠#..#
#...Ko....#....
##...)...#####.#
#........... .#
.'..._...'... #
...#.......#...
#.##.......####
.. .........
.⌠.##'##.⌠.


You could see Blork the orc (fast) and a kobold.

Vanquished Creatures
  A scorpion (D:3)
  2 hounds (D:4)
  2 gnolls
  4 adders
  3 worms (D:2)
  A dart slug (D:1)
  8 orcs (D:4)
  3 ball pythons
  6 bats
  8 endoplasms
  4 giant cockroaches
  5 goblins
  7 hobgoblins
  8 jackals
  3 quokkas
  7 frilled lizards
  2 kobolds
  27 rats
101 creatures vanquished.

Vanquished Creatures (others)
  An orc (D:3)
  A hobgoblin (D:3)
2 creatures vanquished.

Grand Total: 103 creatures vanquished

Notes
Turn   | Place    | Note
-------+----------+-------------------------------------------
     0 | D:1      | Exaltedone87 the Armataur Fighter began the quest for the
                  | Orb.
     0 | D:1      | Reached XP level 1. HP: 19/19 MP: 1/1
    76 | D:1      | Reached XP level 2. HP: 26/26 MP: 2/2
   195 | D:1      | Found a faded altar of an unknown god.
   653 | D:2      | Reached XP level 3. HP: 26/32 MP: 3/3
   726 | D:2      | Found a sacrificial altar of Ru.
  1471 | D:2      | Found Nyum's Armour Emporium.
  1691 | D:3      | Reached XP level 4. HP: 40/40 MP: 4/4
  1828 | D:3      | Found a shimmering altar of Xom.
  1828 | D:3      | Noticed a scorpion
  1860 | D:3      | Killed a scorpion
  1861 | D:3      | Reached XP level 5. HP: 33/48 MP: 5/5
  3096 | D:4      | Found a broken altar of Ashenzari.
  3099 | D:4      | Noticed Blork the orc
  3110 | D:4      | Reached XP level 6. HP: 19/54 MP: 6/6
  3114 | D:4      | Slain by Blork the orc

Illustrated notes

Levels and vault maps discovered:
D:1:      lightli_arrival_statue_moat, layout_loops_ring,
          hellmonk_ecumenical_altar_heavens_door
D:2:      minmay_skewed_foursquare, layout_loops_cross, basic_altar,
          serial_forest, infiniplex_forest_pool, infiniplex_forest_straight_1,
          infiniplex_forest_clump_curved, infiniplex_forest_clump_double,
          serial_shops, nicolae_shop_real_fake_doors, nrook_mini_vaults,
          minmay_misc_feat_doors, nicolae_elevator_lobby_plus
D:3:      layout_basic, xom_confusion_cloud
D:4:      layout_basic, evilmike_ruin_ashenzari, minmay_rat_hole,
          uniq_blork_the_orc

Skill      XL: |  1  2  3  4  5  6 |
---------------+-------------------+-----
Maces & Flails | 2 3 4 |  4.0
Armour         | 4 |  4.9
Fighting       | 3 |  3.5
Shields        | 4 |  4.4

Action                     |  1- 3 |  4- 6 || total
---------------------------+-------+-------++-------
  Melee: Flail             |   116 |   131 ||   247
         Tailslap          |    13 |     7 ||    20
    Use: Scroll            |       |     4 ||     4
         Potion            |       |     1 ||     1
 Armour: Scale mail        |    56 |    76 ||   132
  Dodge: Dodged            |    52 |    54 ||   106
  Block: Buckler           |    21 |    40 ||    61
